 Dungeon Crawl Stone Soup version 0.22-b1-26-g9dbaab1 (webtiles) character file.

186018 letownia2 the Brawler (level 17, -20/124 (125) HPs)
             Began as a Demonspawn Transmuter on Aug 6, 2018.
             Was the Champion of Cheibriados.
             Killed from afar by a thorn hunter (28 damage)
             ... with a volley of thorns
             ... on level 4 of the Swamp.
             The game lasted 01:44:44 (12905 turns).

letownia2 the Brawler (Demonspawn Transmuter)      Turns: 12905, Time: 01:44:44

HP:   -20/124 (125) AC: 23    Str: 46    XL:     17   Next: 13%
MP:   0/38          EV: 17    Int: 33    God:    Cheibriados [******]
Gold: 1569          SH:  0    Dex: 28    Spells: 2/33 levels left

rFire    + . .     SeeInvis .   a - +9 battleaxe of Efitzumu {flame, rPois MR+ Str+7}
rCold    . . .     Gourm    .   (shield currently unavailable)
rNeg     + . .     Faith    .   U - +2 plate armour {rF+}
rPois    +         Spirit   +   (helmet unavailable)
rElec    .         Reflect  .   T - scarf {Spirit}
rCorr    +         Harm     .   e - +2 pair of gloves {Str+3}
MR       ++...                  (no boots)
Stlth    ..........             (no amulet)
HPRegen  1.30/turn              L - +6 ring of strength
MPRegen  0.26/turn              w - ring of magical power

@: regenerating, very slow
A: horns 3, yellow scales 3, negative energy resistance 1, nightstalker 2,
screaming 1, spiny 1
}: 2/15 runes: decaying, gossamer
a: Bend Time, Temporal Distortion, Slouch, Step From Time, Renounce Religion


You were on level 4 of the Swamp.
You worshipped Cheibriados.
Cheibriados was exalted by your worship.
You were not hungry.

You visited 6 branches of the dungeon, and saw 28 of its levels.
You also visited: Ice Cave and Volcano.

You collected 2379 gold pieces.
You spent 810 gold pieces at shops.

Inventory:

Hand Weapons
 a - the +9 battleaxe of Efitzumu (weapon) {flame, rPois MR+ Str+7}
   (You found it on level 2 of the Dungeon)

   It has been specially enchanted to burn those struck by it, causing extra
   injury to most foes and up to half again as much damage against particularly
   susceptible opponents.
   Big, fiery blades are also staple armaments of hydra-hunters.
   It affects your strength (+7).
   It protects you from poison.
   It affects your resistance to hostile enchantments.
 b - the +8 war axe of Wyrd {vamp, Dex+3}
   (You found it on level 10 of the Dungeon)

   It inflicts no extra harm, but heals its wielder when it wounds a living foe.
   It affects your dexterity (+3).
Missiles
 D - 70 arrows
Armour
 e - a +2 pair of gloves of strength (worn)
 O - +0 swamp dragon scales
 T - a scarf of spirit shield (worn)
 U - a +2 plate armour of fire resistance (worn)
 Y - a +0 buckler
Magical Staves
 q - an uncursed staff of energy
Jewellery
 m - an uncursed ring of protection from fire
 w - a ring of magical power (right hand)
 A - the ring "Qoucym" {rF++ Str-4 Dex+2}
   (You acquired it on level 3 of the Spider Nest)

   [ring of dexterity]

   It affects your strength (-4).
   It affects your dexterity (+2).
   It greatly protects you from fire.
 L - a +6 ring of strength (left hand)
Wands
 B - a wand of polymorph (11)
 C - a wand of iceblast (16)
 E - a wand of clouds (6)
 H - a wand of flame (57)
 M - a wand of acid (19)
 N - a wand of paralysis (41)
 Q - a wand of scattershot (7)
 S - a wand of enslavement (3)
Scrolls
 f - a scroll of summoning
 g - 6 scrolls of remove curse
 h - 3 scrolls of amnesia
 i - 13 scrolls of identify
 j - 6 scrolls of teleportation
 n - a scroll of immolation
 y - 2 scrolls of fog
 F - 2 scrolls of magic mapping
 P - 2 scrolls of enchant armour
 R - a scroll of silence
 X - a scroll of blinking
 Z - 3 scrolls of fear
Potions
 c - 6 potions of mutation
 k - 9 potions of might
 l - 3 potions of haste
 p - a potion of heal wounds
 r - 2 potions of invisibility
 s - 7 potions of ambrosia
 t - a potion of resistance
 u - 4 potions of flight
 v - 2 potions of brilliance
 x - 4 potions of lignification
 z - a potion of cancellation
 G - 2 potions of agility
 I - 2 potions of berserk rage
 K - 2 potions of curing
Miscellaneous
 J - a phantom mirror
 V - a sack of spiders
 W - a lamp of fire
Comestibles
 d - 27 rations


   Skills:
 - Level 9.0 Fighting
 - Level 4.8 Axes
 - Level 9.6 Armour
 - Level 8.1 Dodging
 + Level 17.6 Unarmed Combat
 - Level 8.9 Spellcasting
 - Level 3.3 Conjurations
 - Level 6.1 Charms
 - Level 4.9 Necromancy
 - Level 2.0 Translocations
 - Level 8.6 Transmutations
 - Level 2.0 Fire Magic
 - Level 3.0 Air Magic
 - Level 1.8 Poison Magic
 - Level 9.3 Invocations
 - Level 2.2 Evocations


You had 2 spell levels left.
You knew the following spells:

 Your Spells              Type           Power        Failure   Level  Hunger
a - Beastly Appendage     Tmut           ######       1%          1    None
b - Blink                 Tloc           N/A          8%          2    None
c - Conjure Flame         Conj/Fire      ####....     12%         3    None
d - Sticks to Snakes      Tmut           ######..     1%          2    None
e - Mephitic Cloud        Conj/Pois/Air  ####....     12%         3    None
f - Animate Skeleton      Necr           N/A          1%          1    None
g - Regeneration          Chrm/Necr      ######....   3%          3    None
i - Ice Form              Ice/Tmut       #####...     21%         4    None
k - Blade Hands           Tmut           ######....   10%         5    ###....
l - Song of Slaying       Chrm           ######..     1%          2    None
p - Spider Form           Tmut/Pois      #####.....   4%          3    None
t - Shroud of Golubria    Chrm/Tloc      #####.....   3%          2    None

Your spell library contained the following spells:

 Spells                   Type           Power        Failure   Level  Hunger
 Magic Dart               Conj           ####         3%          1    None
 Slow                     Hex            ##......     19%         2    None
 Animate Dead             Necr           N/A          16%         4    None
 Pain                     Necr           ####         1%          1    None
 Vampiric Draining        Necr           #####.....   4%          3    None
 Call Imp                 Summ           ##......     19%         2    None
 Infusion                 Chrm           ####         1%          1    None
 Spectral Weapon          Hex/Chrm       ####....     11%         3    None


Dungeon Overview and Level Annotations

Branches:
Dungeon (11/15)            Temple (1/1) D:4            Lair (6/6) D:9
  Swamp (4/4) Lair:2       Spider (4/4) Lair:4          Orc (2/2) D:10
    Elf (0/3) Orc:2
  Slime: Lair:5-6

Altars:
Ashenzari
Cheibriados
Dithmenos
Elyvilon
Fedhas
Gozag
Hepliaklqana
Makhleb
Nemelex Xobeh
Qazlal
Ru
Sif Muna
Trog
Uskayaw
Vehumet
Wu Jian
Yredelemnul
Zin
The Shining One

Shops:
D:5 :   D:7 %[![=   Orc:1 **(   Orc:2 *(=}%

Annotations:
Spider:3 exclusion: Roxanne, Roxanne


Innate Abilities, Weirdness & Mutations

You have a pair of large horns on your head.
You are completely covered in yellow scales. (AC +4, rCorr)
You resist negative energy. (rN+)
You are significantly more attuned to the shadows.
You are partially covered in sharp spines.
You occasionally shout uncontrollably at your foes.


Message History

The thorn hunter fires a volley of thorns at you.
The volley of thorns hits you!
* * * LOW HITPOINT WARNING * * *
Unknown command.
Unknown command.
You barely miss the thorn hunter. Your headbutt misses the thorn hunter.
The thorn hunter is almost destroyed.
The thorn hunter is struck by your spines.
The thorn hunter hits you but does no damage.
The thorn hunter hits you!
* * * LOW HITPOINT WARNING * * *
The thorn hunter fires a volley of thorns at you.
The volley of thorns hits you!
* * * LOW HITPOINT WARNING * * *
Unknown command.
You closely miss the thorn hunter.
The thorn hunter is almost destroyed.
The thorn hunter fires a volley of thorns at you.
The volley of thorns hits you!
You die...

♣♣.≈≈≈≈≈..≈♣♣♣♣....≈≈...♣ ≈≈≈
.≈...≈≈≈≈....≈♣♣.....♣♣≈♣♣ ≈≈
.≈≈≈≈≈≈≈≈≈≈≈≈≈..#######♣♣ .
♣≈≈≈≈≈≈..≈≈≈...≈#.....#.♣♣♣ ♣
♣♣≈≈≈≈..♣♣.≈≈(..≈#8...(#.≈.♣ ♣
♣≈≈≈≈≈..♣♣.≈.§≈≈≈#..[..'..≈. ♣
♣≈≈≈≈...♣♣.≈§≈≈≈[#(...('.≈.. ♣♣
♣♣.≈≈.≈♣♣♣.≈.≈≈≈≈#...).'....
.♣♣♣♣♣.≈≈≈..§♣♣♣@f≈≈≈§#.....#.≈..
≈♣♣≈♣♣.≈≈≈≈≈≈≈♣♣♣....≈#.(..(#.≈..
.≈≈≈♣♣.≈≈≈≈≈♣♣♣ ♣♣....#######♣≈.♣
≈≈.......≈≈.♣ ♣≈♣..≈.≈....≈♣...
.≈≈≈.†...≈≈≈♣ ♣♣≈..<≈......<≈≈≈
≈≈.≈≈≈♣♣.≈≈≈♣ ♣♣≈≈≈..≈≈≈≈..≈≈≈
§...≈.♣ .≈♣♣ ♣≈≈≈≈≈..≈≈≈[.≈§
...≈≈..≈≈.♣ ♣.≈.≈≈≈≈≈..)...
♣♣♣.≈≈≈≈ ♣§..♣.≈≈≈≈...≈♣


You could see a thorn hunter.

Vanquished Creatures
  Arachne (Spider:3)
  Jorgrun (Spider:2)
  A thorn hunter (Swamp:3)
  An orc warlord (Orc:1)
  10 emperor scorpions
  4 ghost moths (Spider:4)
  Louise (Spider:4)
  The ghost of Fillatzu the Brawler, a journeyman TrMo of Makhleb (Swamp:4)
  2 stone giants
  A white draconian (IceCv)
  Snorg (Lair:4)
  An ettin (Orc:1)
  A fire dragon (Lair:6)
  12 hydras
  A catoblepas (Lair:2)
  2 ghost crabs
  12 two-headed ogres
  An orc high priest (Orc:2)
  9 alligators
  A death yak (Lair:5)
  2 ogre magi (Orc:2)
  4 spriggans
  2 deep trolls (Orc:2)
  A spriggan druid (Swamp:4)
  11 swamp dragons
  4 lindwurms
  24 wolf spiders
  Pikel (D:4)
  9 orb spiders
  6 ugly things
  2 orc sorcerers
  3 moths of wrath
  An oklob plant (Lair:4)
  2 centaur zombies (D:10)
  3 cyclopes (Orc:2)
  A manticore (Lair:5)
  4 black mambas
  13 elephants
  2 ice statues (IceCv)
  An eye of devastation (Lair:5)
  Psyche (D:8)
  6 torpor snails (Lair:6)
  3 komodo dragons
  11 demonic crawlers
  An efreet (Volcano)
  A gargoyle (Volcano)
  5 rime drakes
  8 spiny frogs
  21 jumping spiders
  A queen bee (Lair:5)
  3 meliai (Lair:5)
  11 trolls
  Grinder (D:5)
  16 hornets
  16 polar bears
  11 tyrant leeches
  21 blink frogs
  2 bog bodies (Swamp:4)
  10 hippogriffs
  39 redbacks
  4 fire elementals (Volcano)
  18 tarantellas
  A wyvern (Lair:5)
  3 hogs (D:8)
  A basilisk (Lair:5)
  32 yaks
  A human (D:8)
  10 vampire mosquitoes
  4 wargs
  6 swamp worms
  20 insubstantial wisps
  Edmund (D:4)
  6 water moccasins
  7 porcupines
  11 swamp drakes
  A sky beast (D:9)
  A black bear (D:9)
  25 ogres
  16 orc warriors
  5 ice beasts
  2 eyes of draining
  5 necrophages (Swamp:2)
  A phantom (D:10)
  18 wolves
  9 crocodiles
  Blork the orc (D:4)
  A gnoll sergeant (D:9)
  10 bullfrogs
  4 earth elementals (Spider:2)
  A wyvern skeleton (D:9)
  5 scorpions
  A water moccasin skeleton (D:10)
  32 killer bees
  4 wights (D:2)
  3 electric eels
  3 crimson imps
  2 jellies
  3 hounds
  A centaur skeleton (D:6)
  7 orc priests (Orc:1)
  A bullfrog skeleton (D:9)
  18 orc wizards
  3 iguanas
  Ijyb (D:4)
  3 worker ants
  A killer bee zombie (D:8)
  A hound skeleton (D:3)
  A worker ant zombie (D:8)
  Robin (D:4)
  A howler monkey zombie (D:10)
  6 gnolls
  12 adders
  3 shadow imps
  12 white imps (Lair:4)
  2 oozes (D:3)
  An adder zombie (D:10)
  3 adder skeletons
  A dart slug (D:1)
  4 leopard geckos
  51 orcs
  2 giant cockroaches
  12 goblins
  11 hobgoblins
  5 jackals
  9 kobolds
  2 quokkas
  3 ball pythons
  14 bats
  4 frilled lizards
  A leopard gecko zombie (D:8)
  A quokka skeleton (D:5)
  7 rats
  8 fungi
  12 plants
851 creatures vanquished.

Vanquished Creatures (collateral kills)
  A gnoll (D:3)
  A kobold (D:2)
2 creatures vanquished.

Vanquished Creatures (others)
  An alligator (Swamp:1)
  A lindwurm (Swamp:4)
  A wolf spider (Spider:4)
  A briar patch (Swamp:4)
  2 fungi
  3 plants
  4 toadstools (D:1)
13 creatures vanquished.

Grand Total: 866 creatures vanquished

Notes
Turn   | Place    | Note
-------+----------+-------------------------------------------
     0 | D:1      | letownia2 the Demonspawn Transmuter began the quest for the Orb.
     0 | D:1      | Reached XP level 1. HP: 15/15 MP: 3/3
    48 | D:1      | Reached skill level 3 in Unarmed Combat
    83 | D:1      | Gained mutation: You are partially covered in yellow scales. (AC +2) [demonic ancestry]
    83 | D:1      | Reached XP level 2. HP: 21/21 MP: 1/5
   229 | D:2      | Learned a level 2 spell: Sticks to Snakes
   278 | D:2      | Reached XP level 3. HP: 11/26 MP: 4/6
   352 | D:2      | Reached skill level 4 in Unarmed Combat
   901 | D:3      | Reached skill level 1 in Armour
   901 | D:3      | Reached XP level 4. HP: 15/32 MP: 4/7
   911 | D:3      | Learned a level 3 spell: Spider Form
  1013 | D:3      | Reached skill level 1 in Poison Magic
  1169 | D:3      | Reached XP level 5. HP: 7/37 MP: 4/8
  1264 | D:2      | Found a shadowy altar of Dithmenos.
  1300 | D:2      | Found a faded altar of an unknown god.
  1357 | D:2      | Reached skill level 5 in Unarmed Combat
  1368 | D:2      | Got a crude battleaxe
  1379 | D:2      | Identified the +9 battleaxe of Efitzumu {flame, rPois MR+ Str+7} (You found it on level 2 of the Dungeon)
  1479 | D:2      | Reached skill level 1 in Axes
  1529 | D:2      | Gained mutation: You have a pair of small horns on your head. [demonic ancestry]
  1529 | D:2      | Reached XP level 6. HP: 43/46 MP: 9/9
  1644 | D:4      | Learned a level 3 spell: Mephitic Cloud
  1712 | D:4      | Reached skill level 1 in Conjurations
  1754 | D:4      | Reached skill level 1 in Air Magic
  1754 | D:4      | Reached XP level 7. HP: 44/54 MP: 10/10
  1870 | D:4      | Noticed Pikel
  1883 | D:4      | Killed Pikel
  1891 | D:4      | Noticed Edmund
  1903 | D:4      | Killed Edmund
  1903 | D:4      | Gained mutation: You are mostly covered in yellow scales. (AC +3) [demonic ancestry]
  1903 | D:4      | Reached XP level 8. HP: 42/60 MP: 2/13
  1911 | D:4      | Learned a level 3 spell: Conjure Flame
  1914 | D:4      | Learned a level 2 spell: Blink
  1949 | D:4      | Found a staircase to the Ecumenical Temple.
  1956 | Temple   | Entered the Ecumenical Temple
  1980 | Temple   | Became a worshipper of Cheibriados the Contemplative
  2013 | D:4      | Noticed Ijyb
  2025 | D:4      | Killed Ijyb
  2084 | D:5      | Entered Level 5 of the Dungeon
  2174 | D:4      | Noticed Blork the orc
  2181 | D:4      | Killed Blork the orc
  2185 | D:4      | Reached skill level 1 in Translocations
  2185 | D:4      | Reached skill level 1 in Fire Magic
  2197 | D:4      | Noticed Robin
  2202 | D:4      | Killed Robin
  2226 | D:5      | Found Lenwa Doile's Book Shoppe.
  2338 | D:5      | Reached * piety under Cheibriados
  2367 | D:5      | Noticed Grinder
  2372 | D:5      | Paralysed by Grinder for 5 turns
  2378 | D:5      | Killed Grinder
  2406 | D:7      | Found Kuozykam's Distillery.
  2406 | D:7      | Found Vacawk's Armour Emporium.
  2409 | D:7      | Bought a potion of lignification for 30 gold pieces
  2409 | D:7      | Bought a potion of might for 40 gold pieces
  2448 | D:7      | Bought a scarf of spirit shield for 126 gold pieces
  2503 | D:7      | Noticed a hippogriff
  2510 | D:7      | Gained mutation: You are partially covered in sharp spines. [demonic ancestry]
  2510 | D:7      | Reached XP level 9. HP: 58/66 MP: 7/16
  2537 | D:8      | Reached skill level 5 in Fighting
  2547 | D:8      | Reached skill level 5 in Spellcasting
  2556 | D:8      | Noticed Psyche
  2560 | D:8      | Killed Psyche
  2573 | D:8      | Noticed a two-headed ogre
  2577 | D:8      | Reached ** piety under Cheibriados
  2583 | D:8      | Killed a two-headed ogre
  2646 | D:7      | Found a blossoming altar of Fedhas.
  2656 | D:7      | Found Dorham's Jewellery Boutique.
  2675 | D:7      | Found Feteps's Antique Armour Emporium.
  2706 | D:7      | Found Biarr's Food Boutique.
  2769 | D:8      | Reached XP level 10. HP: 59/76 MP: 8/18
  2791 | D:8      | Noticed a two-headed ogre
  2803 | D:8      | Killed a two-headed ogre
  2815 | D:8      | Learned a level 5 spell: Blade Hands
  2977 | D:8      | Reached skill level 5 in Dodging
  2977 | D:8      | Reached skill level 5 in Transmutations
  3061 | D:9      | Reached *** piety under Cheibriados
  3112 | D:9      | Found a staircase to the Lair.
  3124 | D:9      | Reached skill level 5 in Armour
  3189 | D:9      | Noticed a two-headed ogre
  3211 | D:9      | Killed a two-headed ogre
  3211 | D:9      | Reached skill level 6 in Unarmed Combat
  3264 | D:10     | Entered Level 10 of the Dungeon
  3266 | D:10     | Got a shimmering war axe
  3280 | D:9      | Identified the +8 war axe of Wyrd {vamp, Dex+3} (You found it on level 10 of the Dungeon)
  3354 | D:9      | Reached **** piety under Cheibriados
  3354 | D:9      | Gained mutation: You are slightly more attuned to the shadows. [demonic ancestry]
  3354 | D:9      | Reached XP level 11. HP: 64/84 MP: 15/21
  3369 | D:9      | Reached skill level 1 in Invocations
  3376 | D:9      | Found a hazy altar of Hepliaklqana.
  3565 | D:10     | Noticed a two-headed ogre
  3571 | D:10     | Killed a two-headed ogre
  3612 | D:10     | Noticed a red ugly thing
  3641 | D:10     | Killed a red ugly thing
  3651 | D:10     | Reached skill level 5 in Invocations
  3721 | D:10     | Found a bloodstained altar of Trog.
  3791 | D:10     | Reached ***** piety under Cheibriados
  3798 | D:10     | Found a staircase to the Orcish Mines.
  3822 | D:10     | Learned a level 4 spell: Ice Form
  3823 | Orc:1    | Entered Level 1 of the Orcish Mines
  3854 | Orc:1    | Found Aschosk's Antique Weapon Shop.
  3880 | Orc:2    | Entered Level 2 of the Orcish Mines
  3890 | Orc:1    | Noticed a stone giant
  3991 | Orc:1    | You fall through a shaft!
  4013 | Orc:2    | Found a staircase to the Elven Halls.
  4049 | Orc:2    | Found a dark tunnel.
  4056 | Volcano  | Entered a volcano
  4071 | Volcano  | Noticed a stone giant
  4081 | Volcano  | Killed a stone giant
  4558 | Orc:1    | Noticed an ettin
  4558 | Orc:1    | Noticed an orc sorcerer
  4566 | Orc:1    | Killed an ettin
  4569 | Orc:1    | Killed an orc sorcerer
  4569 | Orc:1    | Gained mutation: You are significantly more attuned to the shadows. [demonic ancestry]
  4569 | Orc:1    | Reached XP level 12. HP: 75/91 MP: 8/22
  4587 | Orc:1    | Killed a stone giant
  4648 | Orc:1    | Found Okkage's Assorted Antiques.
  4680 | Orc:2    | Found Kearheot's General Store.
  4683 | Orc:2    | Noticed an orc high priest
  4690 | Orc:2    | Killed an orc high priest
  4693 | Orc:2    | Reached ****** piety under Cheibriados
  4728 | Orc:1    | Noticed an orc warlord
  4836 | Orc:2    | Noticed an ogre mage
  4837 | Orc:2    | Noticed a two-headed ogre
  4842 | Orc:2    | Noticed a two-headed ogre
  4845 | Orc:2    | Noticed a two-headed ogre
  4846 | Orc:2    | Killed a two-headed ogre
  4847 | Orc:2    | Killed a two-headed ogre
  4847 | Orc:2    | Killed an ogre mage
  4847 | Orc:2    | Reached skill level 7 in Unarmed Combat
  4847 | Orc:2    | Killed a two-headed ogre
  4898 | Orc:2    | Noticed a two-headed ogre
  4910 | Orc:2    | Killed a two-headed ogre
  4912 | Orc:2    | Noticed a two-headed ogre
  4918 | Orc:2    | Killed a two-headed ogre
  5074 | Orc:2    | Found Silostre's Jewellery Emporium.
  5075 | Orc:2    | Noticed a two-headed ogre
  5080 | Orc:2    | Noticed a two-headed ogre
  5087 | Orc:2    | Killed a two-headed ogre
  5088 | Orc:2    | Reached XP level 13. HP: 61/101 MP: 6/23
  5141 | Orc:2    | Found Qaankaqig's Food Shoppe.
  5142 | Orc:2    | Found Wismi's Antique Weapon Shop.
  5147 | Orc:2    | Found Cefaor's Gadget Emporium.
  5217 | Orc:1    | Found Ollellat's General Store.
  5226 | Orc:1    | Reached skill level 1 in Evocations
  5242 | Orc:1    | Killed an orc warlord
  5256 | Orc:1    | Bought a potion of curing for 54 gold pieces
  5541 | D:5      | Bought a book of Battle for 560 gold pieces
  5544 | D:5      | Learned a level 2 spell: Shroud of Golubria
  5719 | Lair:1   | Entered Level 1 of the Lair of Beasts
  5891 | Lair:4   | Found a frozen archway.
  5914 | IceCv    | Entered an ice cave
  5969 | IceCv    | Learned a level 3 spell: Regeneration
  6248 | IceCv    | Reached skill level 1 in Necromancy
  6260 | IceCv    | Reached skill level 1 in Charms
  6775 | IceCv    | Noticed a white draconian
  6791 | IceCv    | Killed a white draconian
  7022 | Lair:4   | Noticed Snorg
  7166 | Lair:4   | Found a hole to the Spider Nest.
  7173 | Spider:1 | Entered Level 1 of the Spider Nest
  7302 | Spider:1 | Reached skill level 8 in Unarmed Combat
  7479 | Spider:2 | Gained mutation: You have a pair of horns on your head. [demonic ancestry]
  7479 | Spider:2 | Reached XP level 14. HP: 60/108 MP: 24/26
  7554 | Spider:3 | Noticed an emperor scorpion
  7569 | Spider:2 | Killed an emperor scorpion
  7604 | Spider:2 | Reached skill level 9 in Unarmed Combat
  7665 | Spider:2 | Noticed Jorgrun
  7678 | Spider:2 | Killed Jorgrun
  7678 | Spider:2 | Reached skill level 5 in Charms
  7824 | Spider:3 | Learned a level 2 spell: Song of Slaying
  7898 | Spider:3 | Gained mutation: You occasionally shout uncontrollably at your foes. [potion of mutation]
  7898 | Spider:3 | Gained mutation: You have a pair of large horns on your head. [potion of mutation]
  7927 | Spider:3 | Reached skill level 10 in Unarmed Combat
  7992 | Spider:3 | Identified 2 scrolls of acquirement
  7993 | Spider:3 | Got a wavering wooden ring
  7998 | Spider:3 | Identified the ring "Qoucym" {rF++ Str-4 Dex+2} (You acquired it on level 3 of the Spider Nest)
  8066 | Spider:3 | Noticed Arachne
  8192 | Spider:3 | Killed Arachne
  8201 | Spider:3 | Noticed Roxanne
  8334 | Spider:4 | Entered Level 4 of the Spider Nest
  8454 | Spider:4 | Noticed Louise
  8470 | Spider:4 | Killed Louise
  8629 | Spider:4 | Reached skill level 11 in Unarmed Combat
  8637 | Spider:4 | Noticed an emperor scorpion
  8653 | Spider:4 | Killed an emperor scorpion
  8772 | Spider:4 | Noticed an emperor scorpion
  8782 | Spider:4 | Killed an emperor scorpion
  8782 | Spider:4 | Reached XP level 15. HP: 44/113 MP: 13/27
  8786 | Spider:4 | Got a slimy spear
  8835 | Spider:4 | Identified the +7 spear "Dragon's Demise" {drain, rF- MR- Str+9 SInv} (You found it on level 4 of the Spider Nest)
  9107 | Spider:4 | Killed a ghost moth
  9160 | Spider:4 | Killed a ghost moth
  9160 | Spider:4 | Reached skill level 12 in Unarmed Combat
  9742 | Spider:4 | Killed a ghost moth
  9742 | Spider:4 | Reached skill level 13 in Unarmed Combat
  9749 | Spider:4 | Killed a ghost moth
 10036 | Spider:4 | Got a gossamer rune of Zot
 10169 | Spider:2 | Learned a level 1 spell: Animate Skeleton
 10334 | Lair:4   | Killed Snorg
 10365 | Lair:6   | Entered Level 6 of the Lair of Beasts
 10424 | Lair:5   | Reached skill level 14 in Unarmed Combat
 10826 | Lair:6   | Gained mutation: You are completely covered in yellow scales. (AC +4, rCorr) [demonic ancestry]
 10826 | Lair:6   | Reached XP level 16. HP: 101/120 MP: 28/28
 11087 | Lair:6   | Found a runed door.
 11141 | Lair:6   | Reached skill level 15 in Unarmed Combat
 11517 | Lair:4   | Got a smoking ring mail
 11528 | Lair:4   | Identified the +4 ring mail "Jimpeic" {rPois Stlth+} (You found it on level 4 of the Lair of Beasts)
 11846 | Lair:2   | Found a staircase to the Swamp.
 11858 | Swamp:1  | Entered Level 1 of the Swamp
 12073 | Swamp:3  | Noticed a thorn hunter
 12073 | Swamp:3  | Reached skill level 16 in Unarmed Combat
 12082 | Swamp:3  | Killed a thorn hunter
 12236 | Swamp:4  | Entered Level 4 of the Swamp
 12476 | Swamp:4  | Found a runed gate.
 12476 | Swamp:4  | Found a runed gate.
 12477 | Swamp:4  | Found a runed gate.
 12483 | Swamp:4  | Noticed Fillatzu's ghost (journeyman TrMo)
 12484 | Swamp:4  | Got a bone falchion
 12487 | Swamp:4  | Identified the +7 falchion of Hanom {flame, MR+ Dex+3} (You found it on level 4 of the Swamp)
 12501 | Swamp:4  | Killed Fillatzu's ghost
 12510 | Swamp:4  | Got an ichor-stained long sword
 12532 | Swamp:4  | Identified the +5 long sword "Gievonan" {drain, Str+6} (You found it on level 4 of the Swamp)
 12551 | Swamp:4  | Reached skill level 17 in Unarmed Combat
 12679 | Swamp:4  | Noticed a thorn hunter
 12765 | Swamp:4  | Gained mutation: You resist negative energy. (rN+) [demonic ancestry]
 12765 | Swamp:4  | Reached XP level 17. HP: 105/124 MP: 20/29
 12816 | Swamp:4  | Got a decaying rune of Zot
 12904 | Swamp:4  | HP: 6/124 [thorn hunter/volley of thorns (9)]
 12905 | Swamp:4  | Killed from afar by a thorn hunter

Skill      XL: |  1  2  3  4  5  6  7  8  9 10 11 12 13 14 15 16 |
---------------+-------------------------------------------------+-----
Unarmed Combat | 3 4 5 6 7 8 11 14 17 | 17.6
Armour         | 1 2 4 5 7 9 |  9.6
Poison Magic   | 1 |  1.8
Fighting       | 2 4 6 7 9 |  9.0
Axes           | 1 4 |  4.8
Conjurations   | 1 3 |  3.3
Air Magic      | 1 3 |  3.0
Spellcasting   | 3 4 5 6 8 |  8.9
Translocations | 2 |  2.0
Fire Magic     | 2 |  2.0
Dodging        | 2 4 5 6 8 |  8.1
Transmutations | 2 4 5 8 |  8.6
Invocations    | 7 9 |  9.3
Evocations     | 2 |  2.2
Necromancy     | 3 4 |  4.9
Charms         | 3 5 6 |  6.1

Action                   |  1- 3 |  4- 6 |  7- 9 | 10-12 | 13-15 | 16-18 || total
-------------------------+-------+-------+-------+-------+-------+-------++-------
Melee: Unarmed           |   106 |    91 |       |       |       |    30 ||   227
       Kick              |    10 |    18 |       |       |       |       ||    28
       Headbutt          |     5 |     4 |    19 |    66 |   215 |   114 ||   423
       Punch             |     1 |     1 |       |     5 |       |     5 ||    12
       Battleaxe         |       |    30 |   106 |   183 |   615 |   299 ||  1233
       War axe           |       |       |       |    43 |       |       ||    43
Throw: Javelin           |     1 |     5 |     1 |    13 |     4 |       ||    24
       Tomahawk          |       |       |       |     1 |       |       ||     1
 Cast: Beastly Appendage |    26 |    18 |       |       |     1 |       ||    45
       Sticks to Snakes  |     3 |     9 |       |       |       |       ||    12
       Mephitic Cloud    |       |     1 |    10 |    28 |    46 |     1 ||    86
       Conjure Flame     |       |       |     2 |     7 |    33 |     7 ||    49
       Blink             |       |       |     1 |     5 |    29 |     7 ||    42
       Regeneration      |       |       |       |       |    93 |    52 ||   145
       Shroud of Golubri |       |       |       |       |     5 |       ||     5
       Song of Slaying   |       |       |       |       |     4 |     6 ||    10
       Blade Hands       |       |       |       |       |       |     3 ||     3
Invok: Slouch            |       |       |       |     3 |     1 |     1 ||     5
 Abil: End Transformatio |       |       |       |       |       |     2 ||     2
Evoke: Wand              |       |       |       |    11 |    34 |     1 ||    46
  Use: Potion            |     1 |       |       |     1 |     7 |     1 ||    10
       Scroll            |       |     6 |     2 |     8 |    12 |     3 ||    31
 Stab: Distracted        |       |     1 |       |       |       |       ||     1
       Confused          |       |       |     2 |    12 |    24 |     1 ||    39
       Sleeping          |       |       |       |     2 |       |       ||     2
       Held in net/web   |       |       |       |       |     1 |       ||     1
  Eat: Chunk             |       |     5 |     5 |     3 |     8 |     6 ||    27
       Ration            |       |       |       |     3 |     2 |       ||     5
Armor: Robe              |    54 |       |       |       |       |       ||    54
       Ring mail         |    20 |    39 |    36 |    43 |       |       ||   138
       Plate armour      |       |       |       |    34 |   556 |   322 ||   912
       Scale mail        |       |       |       |     3 |       |       ||     3
Dodge: Dodged            |    95 |    71 |    65 |   178 |   801 |   525 ||  1735
